 Dungeon Crawl Stone Soup version 0.19.1-1-g22dce08 (webtiles) character file.

15876 OneShot the Nimble (level 12, -1/62 HPs)
             Began as a Kobold Hunter on Dec 29, 2016.
             Was a High Priest of Cheibriados.
             Impaled on a porcupine's spines (11 damage)
             ... on level 3 of the Lair of Beasts.
             The game lasted 01:36:10 (13745 turns).

OneShot the Nimble (Kobold Hunter)                 Turns: 13745, Time: 01:36:11

Health: -1/62      AC:  7    Str: 23    XL:     12   Next: 63%
Magic:  0/16       EV: 31    Int: 23    God:    Cheibriados [*****.]
Gold:   763        SH:  0    Dex: 29    Spells: 4 memorised, 6 levels left

rFire  . . .     SeeInvis .     a - +2 quarterstaff (drain)
rCold  . . .     Gourm    .     c - +0 leather armour
rNeg   . . .     Faith    .     (shield currently unavailable)
rPois  +         Spirit   +     T - +0 helmet
rElec  .         Reflect  .     (no cloak)
rCorr  .         Harm     .     U - +2 pair of gloves
MR     +....                    (no boots)
Stlth  +++++.....               m - amulet of guardian spirit
                                v - ring of protection from magic
                                F - ring of poison resistance

@: very slow
A: carnivore 3
a: Bend Time, Temporal Distortion, Slouch, Step From Time, Renounce Religion


You were on level 3 of the Lair of Beasts.
You worshipped Cheibriados.
Cheibriados was extremely pleased with you.
You were very full.

You visited 3 branches of the dungeon, and saw 13 of its levels.

You collected 763 gold pieces.

Inventory:

Hand Weapons
 a - a +2 quarterstaff of draining (weapon)
 b - a +1 hand crossbow
 A - a +0 short sword
 B - the +1 hunting sling "Boemoe Lisu" {velocity, rF+}
   (You found it on level 4 of the Dungeon)

   Any stone fired from it inflicts extra damage.
   It protects you from fire.
Missiles
 d - 73 bolts
 y - 83 sling bullets
Armour
 c - a +0 leather armour (worn)
 T - a +0 helmet (worn)
 U - a +2 pair of gloves (worn)
Jewellery
 m - an amulet of guardian spirit (around neck)
 n - an uncursed ring of resist corrosion
 s - an uncursed ring of see invisible
 v - a ring of protection from magic (right hand)
 C - an uncursed ring of flight
 F - a ring of poison resistance (left hand)
 M - an uncursed ring of magical power
Wands
 e - a wand of iceblast (5/15)
 h - a wand of paralysis (4/24)
 p - a wand of iceblast (7/15)
 H - a wand of teleportation (3/9)
Scrolls
 g - 2 scrolls of fog
 k - 5 scrolls of remove curse
 q - a scroll of silence {unknown}
 t - 2 scrolls of random uselessness {unknown}
 w - 3 scrolls of magic mapping
 x - 2 scrolls of recharging
 z - a scroll of enchant armour
 D - a scroll of torment {unknown}
 E - 3 scrolls of enchant weapon {unknown}
 I - 3 scrolls of fear
 K - 2 scrolls of blinking {unknown}
 P - a scroll of immolation
 R - a scroll of brand weapon {unknown}
Potions
 i - a potion of brilliance {unknown}
 j - 5 potions of flight
 o - a potion of cancellation {unknown}
 u - 3 potions of mutation {unknown}
 G - a potion of degeneration {unknown}
 J - a potion of might
 Q - a potion of resistance {unknown}
 S - a potion of lignification {unknown}
Comestibles
 f - 7 meat rations


   Skills:
 - Level 2.1 Fighting
 + Level 8.9 Staves
 - Level 10.0 Crossbows
 - Level 14.1 Dodging
 - Level 11.1 Stealth
 - Level 6.4 Invocations


You had 6 spell levels left.
You knew the following spells:

 Your Spells              Type           Power        Failure   Level  Hunger
n - Animate Skeleton      Necr           N/A          17%         1    ##.....
A - Apportation           Tloc           #.........   17%         1    ##.....
W - Passwall              Tmut/Erth      #.........   28%         2    ###....
Z - Summon Small Mammal   Summ           #...         17%         1    ##.....


Dungeon Overview and Level Annotations

Branches:
Dungeon (9/15)             Temple (1/1) D:5            Lair (3/6) D:9
  Swamp: Lair:2-4    Shoals: Lair:2-4     Snake: Lair:2-4    Spider: Lair:2-4
    Orc: D:9-12

Altars:
Ashenzari
Cheibriados
Dithmenos
Elyvilon
Fedhas
Gozag
Hepliaklqana
Kikubaaqudgha
Makhleb
Nemelex Xobeh
Okawaru
Qazlal
Ru
Sif Muna
Trog
Uskayaw
Vehumet
Xom
Yredelemnul
Zin
The Shining One

Annotations:
D:7 exclusion: shadow
Lair:1 Gastronok
Lair:3 Rupert


Innate Abilities, Weirdness & Mutations

You are small and have problems with some larger weapons.
You are carnivorous and can eat meat at any time.


Message History

The swamp worm bites you.
* * * LOW HITPOINT WARNING * * *
Rupert looks confused.
Rupert throws a stone.
The stone completely misses you.
You see here 2 stones.
Your surroundings suddenly seem different.
Found a scroll of remove curse and 16 gold pieces.
A porcupine, a bullfrog and a spiny frog come into view.
Okay, then.
Firing (i - inventory):
d - 74 bolts (quivered)
Press: ? - help, Shift-Dir - straight line, f - porcupine
Aim: a porcupine You shoot a bolt.
The bolt hits the porcupine!
The porcupine is heavily wounded.
The porcupine twitches its whiskers.
Wield which item (- for none, * to show all)? (? for menu, Esc to quit)
You sense an unholy aura.
a - a +2 quarterstaff of draining (weapon)
You are struck by the porcupine's spines.
You die...

## #..#
##F#####...#
≈♣#..P#.#.#$.#
♣F...........#
♣............#
........?...(#
.............##
............r.#
#.##.#.#...#@##
# ###########


You could see a porcupine.

Vanquished Creatures
  A hydra (Lair:3)
  2 black mambas
  4 spiny frogs
  5 torpor snails (Lair:1)
  A komodo dragon (Lair:2)
  The ghost of eXcel the Archer, an amateur CeHu (D:4)
  A polar bear (Lair:3)
  A two-headed ogre (D:8)
  Prince Ribbit (D:5)
  4 hippogriffs
  7 yaks
  2 basilisks
  A hungry ghost (D:9)
  A naga (Lair:3)
  3 swamp worms (Lair:3)
  6 porcupines
  6 water moccasins
  2 orc warriors
  4 ice beasts
  2 sky beasts
  2 black bears
  A hornet zombie (D:9)
  2 necrophages
  10 ogres
  16 wolves
  4 crocodiles
  14 bullfrogs
  A wyvern zombie (D:6)
  A water moccasin skeleton (D:8)
  A scorpion (D:8)
  11 wights (D:7)
  7 electric eels
  A howler monkey (D:9)
  4 jellies
  6 crimson imps
  2 quasits
  3 bullfrog skeletons
  4 orc priests
  A centaur skeleton (D:4)
  6 hounds
  6 orc wizards
  3 iguanas
  6 worker ants
  A hound zombie (D:7)
  A hound skeleton (D:7)
  A gnoll (D:6)
  A howler monkey skeleton (D:6)
  16 adders
  2 adder skeletons
  2 adder zombies
  A worm (D:3)
  3 dart slugs (D:1)
  6 leopard geckos
  21 orcs
  5 giant cockroaches
  12 goblins
  10 hobgoblins
  7 jackals
  7 kobolds
  9 quokkas
  A ball python (D:6)
  5 bats
  A frilled lizard (D:2)
  A leopard gecko skeleton (D:4)
  17 rats
297 creatures vanquished.

Vanquished Creatures (others)
  28 fungi
  18 plants
46 creatures vanquished.

Grand Total: 343 creatures vanquished

Notes
Turn   | Place    | Note
-------+----------+-------------------------------------------
     0 | D:1      | OneShot the Kobold Hunter began the quest for the Orb.
     0 | D:1      | Reached XP level 1. HP: 12/12 MP: 1/1
   142 | D:1      | Reached XP level 2. HP: 17/17 MP: 2/2
   675 | D:2      | Reached XP level 3. HP: 15/21 MP: 3/3
   684 | D:2      | Noticed a dagger
   689 | D:2      | Found a hide-covered altar of Uskayaw.
   690 | D:2      | Noticed a hand axe
   957 | D:1      | Reached skill level 5 in Crossbows
  1229 | D:2      | Reached XP level 4. HP: 25/26 MP: 4/4
  1982 | D:3      | Found a hazy altar of Hepliaklqana.
  2097 | D:3      | Reached XP level 5. HP: 30/30 MP: 5/5
  2156 | D:3      | HP: 1/30 [worm (9)]
  3049 | D:4      | Noticed an ogre
  3056 | D:4      | Killed an ogre
  3056 | D:4      | Reached XP level 6. HP: 35/35 MP: 6/6
  3125 | D:4      | Noticed eXcel's ghost (amateur CeHu)
  3158 | D:4      | Killed eXcel's ghost
  3158 | D:4      | Reached XP level 7. HP: 14/40 MP: 7/7
  4175 | D:4      | Reached XP level 8. HP: 17/44 MP: 8/8
  4181 | D:4      | Got a brightly glowing hunting sling
  4187 | D:4      | Identified the +1 hunting sling "Boemoe Lisu" {velocity, rF+} (You found it on level 4 of the Dungeon)
  4569 | D:5      | Entered Level 5 of the Dungeon
  4622 | D:5      | Noticed Prince Ribbit
  4652 | D:5      | Killed Prince Ribbit
  4737 | D:5      | Reached skill level 10 in Crossbows
  4996 | D:5      | Found a sacrificial altar of Ru.
  5063 | D:5      | Found a staircase to the Ecumenical Temple.
  5079 | Temple   | Entered the Ecumenical Temple
  5175 | Temple   | Became a worshipper of Cheibriados the Contemplative
  5376 | D:6      | Reached skill level 10 in Stealth
  5407 | D:6      | Reached XP level 9. HP: 37/48 MP: 7/9
  5645 | D:6      | Reached skill level 1 in Staves
  5662 | D:6      | Reached * piety under Cheibriados
  5687 | D:6      | HP: 2/48 [necrophage (7)]
  6032 | D:6      | Found a sparkling altar of Nemelex Xobeh.
  6032 | D:6      | Found a shattered altar of Ashenzari.
  6032 | D:6      | Found a blossoming altar of Fedhas.
  6072 | D:6      | Reached skill level 3 in Dodging
  6151 | D:6      | Reached skill level 4 in Dodging
  6220 | D:6      | HP: 2/48 [something (6)]
  6624 | D:7      | Reached skill level 5 in Dodging
  6880 | D:6      | Reached skill level 1 in Invocations
  7154 | D:7      | Reached ** piety under Cheibriados
  7326 | D:7      | Reached skill level 5 in Staves
  7378 | D:7      | Reached XP level 10. HP: 47/53 MP: 12/12
  7858 | D:7      | Reached skill level 6 in Dodging
  8069 | D:8      | Reached skill level 7 in Dodging
  8286 | D:8      | Reached skill level 8 in Dodging
  8300 | D:8      | Reached *** piety under Cheibriados
  8317 | D:8      | Learned a level 2 spell: Passwall
  8685 | D:8      | Found an iron altar of Okawaru.
  8850 | D:8      | Reached skill level 9 in Dodging
  9780 | D:8      | Reached skill level 10 in Dodging
  9964 | D:9      | Reached **** piety under Cheibriados
 10334 | D:9      | Found a staircase to the Lair.
 10573 | D:9      | Reached skill level 5 in Invocations
 10573 | D:9      | Reached XP level 11. HP: 57/57 MP: 14/14
 10809 | Lair:1   | Entered Level 1 of the Lair of Beasts
 11066 | Lair:1   | Found a snail-covered altar of Cheibriados.
 11079 | Lair:1   | Reached ***** piety under Cheibriados
 11312 | Lair:1   | Reached skill level 11 in Dodging
 11440 | Lair:1   | Noticed Gastronok
 12433 | Lair:2   | Learned a level 1 spell: Summon Small Mammal
 12435 | Lair:2   | Learned a level 1 spell: Apportation
 12437 | Lair:2   | Learned a level 1 spell: Animate Skeleton
 12520 | Lair:2   | Reached skill level 12 in Dodging
 12545 | Lair:2   | Reached XP level 12. HP: 62/62 MP: 14/16
 12757 | Lair:2   | Reached skill level 13 in Dodging
 13371 | Lair:3   | Noticed an eight-headed hydra
 13393 | Lair:3   | Reached skill level 14 in Dodging
 13706 | Lair:3   | Noticed a seven-headed hydra
 13713 | Lair:3   | Noticed a five-headed hydra
 13720 | Lair:3   | Killed a five-headed hydra
 13734 | Lair:3   | Noticed Rupert
 13745 | Lair:3   | Impaled on a porcupine's spines

Skill      XL: |  1  2  3  4  5  6  7  8  9 10 11 12 |
---------------+-------------------------------------+-----
Stealth        | 2 3 4 6 8 10 11 | 11.1
Crossbows      | 5 6 8 10 | 10.0
Staves         | 5 6 8 |  8.9
Dodging        | 5 10 12 14 | 14.1
Invocations    | 2 5 6 |  6.4
Fighting       | |  2.1

Action                   |  1- 3 |  4- 6 |  7- 9 | 10-12 || total
-------------------------+-------+-------+-------+-------++-------
Melee: Short sword       |   105 |    94 |     3 |     7 ||   209
       Hand axe          |       |     1 |    83 |    11 ||    95
       Quarterstaff      |       |       |    50 |   374 ||   424
       Trident           |       |       |       |     3 ||     3
 Fire: Hand crossbow     |     7 |    47 |   238 |   381 ||   673
       Hunting sling     |       |    10 |     4 |    46 ||    60
Throw: Stone             |     6 |     5 |       |       ||    11
 Cast: Passwall          |       |       |       |     2 ||     2
Invok: Slouch            |       |       |       |     5 ||     5
       Bend Time         |       |       |       |     1 ||     1
Evoke: Wand              |       |       |     3 |     8 ||    11
  Use: Scroll            |       |     5 |     9 |     8 ||    22
       Potion            |       |     2 |     2 |     2 ||     6
 Stab: Sleeping          |     2 |     5 |     6 |     4 ||    17
       Distracted        |       |       |       |     1 ||     1
       Paralysed         |       |       |       |     1 ||     1
  Eat: Chunk             |     7 |     6 |     6 |       ||    19
       Beef jerky        |       |       |     3 |     4 ||     7
       Royal jelly       |       |       |     1 |     1 ||     2
       Pizza             |       |       |       |     2 ||     2
Armor: Leather armour    |    20 |    11 |    29 |    47 ||   107
Dodge: Dodged            |    71 |    78 |   145 |   581 ||   875
